 Dungeon Crawl Stone Soup version 0.27.0 (webtiles) character file.

Game seed: 7613415844438136953

147 mdonais the Sneak (level 5, -4/44 HPs)
             Began as a Formicid Delver on July 31, 2021.
             Succumbed to a kobold brigand's curare-tipped dart
             ... on level 4 of the Dungeon.
             The game lasted 00:15:07 (3219 turns).

mdonais the Sneak (Formicid Delver)                 Turns: 3219, Time: 00:15:08

Health: -4/44      AC:  9    Str: 18    XL:     5   Next: 55%
Magic:  5/5        EV: 11    Int:  9    God:
Gold:   65         SH:  0    Dex: 12    Spells: 4/4 levels left

rFire    + . .     SeeInvis +   b - +4 shortbow (flame)
rCold    . . .     Faith    .   (no shield)
rNeg     + . .     Spirit   .   s - +2 ring mail {rF+}
rPois    .         Reflect  .   (helmet unavailable)
rElec    .         Harm     .   z - +0 cloak
rCorr    .         Rampage  .   (no gloves)
Will     .....                  u - +0 pair of boots
Stlth    ++........             (no amulet)
HPRegen  0.14/turn              x - ring of positive energy
MPRegen  0.09/turn              (no ring)

@: mighty, lethally poisoned (-4 -> -32), attractive
A: permanent stasis, dig shafts and tunnels, antennae 3, four strong arms
a: Dig, Shaft Self


You were on level 4 of the Dungeon.
You visited 1 branch of the dungeon, and saw 5 of its levels.

You collected 65 gold pieces.

Inventory:

Hand Weapons
 a - a +3 quarterstaff of chaos
   (You took it off Crazy Yiuf on level 3 of the Dungeon)
 b - a +4 shortbow of flaming (weapon)
   (You found it on level 2 of the Dungeon)
 c - a +0 spear of venom
   (You found it on level 4 of the Dungeon)
 q - a +0 hand axe
 A - a +1 short sword of venom
   (You took it off a kobold on level 1 of the Dungeon)
 B - a +1 mace of protection
   (You found it on level 3 of the Dungeon)
Missiles
 f - 55 sling bullets
 g - 63 stones
 i - 7 poisoned darts
 o - 82 arrows (quivered ammo)
 t - 27 bolts
Armour
 s - a +2 ring mail of fire resistance (worn)
   (You found it on level 2 of the Dungeon)
 u - a +0 pair of boots (worn)
   (You found it on level 3 of the Dungeon)
 z - a +0 cloak (worn)
   (You took it off Crazy Yiuf on level 3 of the Dungeon)
 C - a +1 ring mail of willpower
   (You found it on level 4 of the Dungeon)
Jewellery
 x - a ring of positive energy (left hand)
   (You found it on level 3 of the Dungeon)
Wands
 D - a wand of digging (6)
Scrolls
 d - a scroll of noise {unknown}
 e - a scroll of fear
 h - 2 scrolls of fog
 j - a scroll of identify {unknown}
 k - 2 scrolls of torment {unknown}
 l - a scroll of immolation {unknown}
 n - a scroll of blinking {unknown}
 r - a scroll of summoning {unknown}
 y - a scroll of teleportation {unknown}
Potions
 m - a potion of ambrosia {unknown}
 p - a potion of brilliance {unknown}


   Skills:
 + Level 5.0 Fighting
 - Level 3.4 Axes
 + Level 0.0 Staves
 * Level 1.4 Bows
 + Level 0.1 Armour
 - Level 1.7 Dodging
 - Level 6.0 Stealth


You had 4 spell levels left.
You didn't know any spells.
Your spell library contained the following spells:

 Spells                   Type           Power      Damage    Failure   Level
 Magic Dart               Conj           0%         1d3       58%         1
 Pain                     Necr           0%         1d4       58%         1
 Call Imp                 Summ           0%         N/A       73%         2
 Ensorcelled Hibernation  Hex/Ice        0%         N/A       73%         2
 Conjure Flame            Conj/Fire      0%         6-21      91%         3
 Ignite Poison            Fire/Tmut/Pois 0%         N/A       91%         3
 Mephitic Cloud           Conj/Pois/Air  0%         N/A       91%         3
 Spider Form              Tmut/Pois      0%         N/A       91%         3
 Sticky Flame             Conj/Fire      0%         2d3       100%        4
 Agony                    Necr           0%         N/A       100%        5
 Excruciating Wounds      Necr           0%         N/A       100%        5
 Shadow Creatures         Summ           N/A        N/A       100%        6


Dungeon Overview and Level Annotations

Branches:
Dungeon (5/15)
 Temple: D:4-7

Altars:

Shops:
D:2 [

Annotations:
D:2 Sigmund
D:4 3 runed translucent doors, RascalDebosk's ghost, amateur TrFi
D:5 exclusions: centaur and 2 sensed monsters (detected)


Innate Abilities, Weirdness & Mutations

You cannot be hasted, slowed, berserked, paralysed or teleported.
You can dig through walls and to a lower floor.
You have a pair of large antennae on your head. (SInv)
Your four strong arms can wield two-handed weapons with a shield.


Message History

a - a +1 short sword of venom (weapon)
The bat barely misses you.
You closely miss the bat. The bat hits you but does no damage.
You hit the bat.
The bat is poisoned.
The bat is moderately wounded.
You kill the bat!
Your +1 short sword of venom stops dripping with poison.
Your +4 shortbow of flaming bursts into flame!
b - a +4 shortbow of flaming (weapon)
v - a bubbling puce potion You see here a +0 hand axe.
Found a robe.
o - 92 arrows (gained 1)
w - a fizzy pink potion You open the door.
There is an open door here.
x - a ring of positive energy
x - a ring of positive energy (left hand)
You pick up a book of Pain and begin reading...
You add the spells Pain, Agony and Excruciating Wounds to your library.
You open the door.
There is an open door here.
y - a scroll labelled JOMESA BUDEQUU You now have 42 gold pieces (gained 4).
As you open the door, it creaks loudly!
You now have 47 gold pieces (gained 5).
You open the door.
Found a flail.
There is an open door here.
There is an open door here.
There is an open door here.
There is an open door here.
You now have 55 gold pieces (gained 8).
Found a runed mace.
Found a runed translucent door.
You open the door.
Crazy Yiuf shouts!
You shoot an arrow. The arrow hits Crazy Yiuf!
The arrow burns Crazy Yiuf.
Crazy Yiuf is heavily wounded.
Crazy Yiuf says, "Mugger!
Trifle return to song ena."
You shoot an arrow. The arrow hits Crazy Yiuf!
The arrow burns Crazy Yiuf.
You kill Crazy Yiuf!
Training target 5.0 for Fighting reached!
Your Fighting skill increases to level 5!
Health restored: 44
There is an open translucent door here.
o - 91 arrows (gained 1);
z - a +0 cloak
D - a wand of digging (6) (gained 4 charges)
You see here a +3 quarterstaff of chaos.
o - 92 arrows (gained 1)
You start putting on your armour.
You continue putting on your +0 cloak. x4
You finish putting on your +0 cloak.
You see here a +3 quarterstaff of chaos.
A - a +3 quarterstaff of chaos You see here a +1 mace of protection.
You see here a +1 mace of protection.
B - a +1 mace of protection Adjust (i)tems, (s)pells, or (a)bilities?
A - a +3 quarterstaff of chaos Adjust to which letter? (? for menu, Esc to quit)
a - a +3 quarterstaff of chaos;
A - a +1 short sword of venom
There is an open translucent door here.
You open the door.
There is an open door here.
Done exploring.
Done exploring.
(D) Dungeon
Where to? (Enter - D:3, ? - help)
There is a stone staircase leading down here.
You climb downwards.
Level annotation: 3 runed translucent doors
There is a stone staircase leading up here.
g - 63 stones (gained 1)
You now have 65 gold pieces (gained 10).
A jackal comes into view.
You shoot an arrow. The arrow hits the jackal!
The arrow burns the jackal.
You kill the jackal!
Found a trident.
There is a stone staircase leading up here.
RascalDebosk's ghost turns its malevolent gaze towards you.
The goblin shouts!
The endoplasm quivers.
Press: ? - help, v - describe, . - travel
Here: RascalDebosk's ghost (fire blocked by a runed translucent door)
The floor.
The kobold shouts!
Things that are here:
a +0 trident; a +1 ring mail of willpower
C - a +1 ring mail of willpower RascalDebosk's ghost screams, "Zot is a myth, the ORB is a fable, you'll soon be a tale!"
Found a mace.
An orc comes into view. It is wielding a +0 trident.
You see here a scroll of fog.
You shoot an arrow. The orc shouts!
The arrow hits the orc.
The arrow burns the orc.
The orc is severely wounded.
The orc throws a stone.
The stone barely misses you.
You shoot an arrow. The arrow completely misses the orc.
The orc throws a stone.
The stone closely misses you.
You shoot an arrow. The arrow hits the orc.
The arrow burns the orc.
You kill the orc!
A kobold comes into view. It is wielding a +0 short sword.
You shoot an arrow. The arrow closely misses the kobold.
You shoot an arrow. The arrow hits the kobold!
The arrow burns the kobold.
You kill the kobold!
h - 2 scrolls of fog (gained 1)
The endoplasm quivers.
A kobold brigand comes into view.
It is wielding a +0 dagger and quivering curare-tipped darts.
Items here: $ ( ) ?.
You shoot an arrow. The arrow hits the kobold brigand.
The arrow burns the kobold brigand.
The kobold brigand shouts!
The kobold brigand is lightly wounded.
You shoot an arrow.
The arrow completely misses the kobold brigand.
The kobold brigand throws a curare-tipped dart.
The curare-tipped dart hits you.
You are poisoned.
You have difficulty breathing.
Your stasis prevents you from being slowed.
You take 9 damage, and have 35/44 hp.
MASSIVE DAMAGE!!
You shoot an arrow. The arrow hits the kobold brigand!
The arrow burns the kobold brigand.
The kobold brigand is heavily wounded.
You feel very sick.
You take 3 damage, and have 32/44 hp.
You shoot an arrow. The arrow hits the kobold brigand.
The arrow burns the kobold brigand.
The kobold brigand is severely wounded.
You feel sick.
The kobold brigand throws a curare-tipped dart.
The curare-tipped dart hits you.
You are more poisoned.
You have difficulty breathing.
Your stasis prevents you from being slowed.
The kobold brigand throws a curare-tipped dart.
The curare-tipped dart hits you.
You are lethally poisoned!
You have difficulty breathing.
* * * LOW HITPOINT WARNING * * *
Your stasis prevents you from being slowed.
You take 22 damage, and have 10/44 hp.
MASSIVE DAMAGE!!
It was a potion of might.
You feel very mighty all of a sudden.
* * * LOW HITPOINT WARNING * * *
You feel extremely sick.
You take 8 damage, and have 2/44 hp.
It was a potion of attraction.
You feel attractive to monsters.
You die...

#..... #......#J##.##.#..##
#...).####.....#{.....!#....
.........#.....#gK.....#....
...............###+++###....
.........................#..
...........#...#.........#..
...##..##..#.)......##..#...
# ..... ##..........#...#..#
...... ##@##......#......#
##.... #...##.†......#..##
...... ...............####
.......K....(......<.##
.(((.....#...##...#
.....#...#.......##
...###...........# ...
#..........## .......###


You could see a kobold brigand, a goblin and a kobold.

Vanquished Creatures
  A hound (D:4)
  Crazy Yiuf (D:3)
  2 adders
  2 adder skeletons (D:4)
  A worm (D:3)
  2 dart slugs
  2 orcs
  6 ball pythons
  10 bats
  An endoplasm (D:3)
  A giant cockroach (D:4)
  4 goblins
  5 hobgoblins
  2 jackals (D:4)
  6 kobolds
  5 quokkas
  3 rats
54 creatures vanquished.

Notes
Turn   | Place    | Note
-------+----------+-------------------------------------------
     0 | D:5      | mdonais the Formicid Delver began the quest for the Orb.
     0 | D:5      | Reached XP level 1. HP: 18/18 MP: 1/1
     6 | D:5      | Noticed a centaur
    45 | D:4      | Found a runed translucent gate.
    45 | D:4      | Found a runed translucent gate.
    52 | D:4      | Found a runed translucent gate.
    64 | D:4      | Reached XP level 2. HP: 18/24 MP: 2/2
   334 | D:4      | Reached XP level 3. HP: 23/30 MP: 3/3
   544 | D:2      | Reached XP level 4. HP: 19/38 MP: 4/4
   798 | D:2      | Found Giroumn's Antique Armour Boutique.
   864 | D:2      | Noticed Sigmund
  1518 | D:1      | Found a faded altar of an unknown god.
  2326 | D:3      | Reached XP level 5. HP: 43/43 MP: 5/5
  2696 | D:3      | Reached skill level 1 in Bows
  2983 | D:3      | Found a runed translucent door.
  2984 | D:3      | Noticed Crazy Yiuf
  2989 | D:3      | Killed Crazy Yiuf
  2990 | D:3      | Reached skill level 5 in Fighting
  3184 | D:4      | Noticed RascalDebosk's ghost (amateur TrFi)
  3213 | D:4      | Noticed a kobold brigand
  3218 | D:4      | HP: 2/44 [poisoned by a kobold brigand (curare-tipped
                  | dart)]
  3219 | D:4      | Succumbed to a kobold brigand's curare-tipped dart

Illustrated notes

Levels and vault maps discovered:
D:1:      amcnicky_arrival_single_pillar, layout_basic,
          ebering_ecumenical_altar_hall
D:2:      layout_basic, serial_shops, shop, uniq_sigmund
D:3:      layout_basic, minmay_strange_pillars, uniq_crazy_yiuf_cottage
D:4:      layout_cave_pools, gammafunk_ghost_split
D:5:      layout_loops_ring, serial_undead, serial_undead_b, serial_undead_b,
          serial_undead_a, serial_undead_a, serial_undead_a, serial_undead_c,
          serial_undead_c, serial_undead_d, minmay_circle_x, uniq_prince_ribbit1

Skill      XL: |  1  2  3  4  5 |
---------------+----------------+-----
Fighting       | 4 5 |  5.0
Axes           | 3 |  3.4
Bows           | 1 |  1.4
Armour         | |  0.1
Dodging        | |  1.7
Stealth        | |  6.0

Action                   |  1- 3 |  4- 6 || total
-------------------------+-------+-------++-------
Melee: Hand axe          |    38 |    45 ||    83
       Short sword       |       |    33 ||    33
       Spear             |       |     2 ||     2
 Fire: Shortbow          |       |    28 ||    28
Throw: Stone             |     2 |       ||     2
       Dart              |       |     2 ||     2
Evoke: Wand              |     1 |       ||     1
  Use: Scroll            |     1 |       ||     1
       Potion            |     1 |     2 ||     3
 Stab: Sleeping          |     2 |     6 ||     8
Armor: Leather armour    |    15 |    18 ||    33
       Ring mail         |       |     5 ||     5
Dodge: Dodged            |    17 |    48 ||    65
